 Dungeon Crawl Stone Soup version 0.30-a0-422-g946f4849ff (webtiles) character file.

Game seed: 16719425186186406350

158 McMuffin the Digger (level 4, 0/33 HPs)
             Began as a Demigod Wanderer on Dec 8, 2022.
             Slain by a scorpion (6 damage)
             ... on level 5 of the Dungeon.
             The game lasted 00:13:39 (945 turns).

McMuffin the Digger (Demigod Wanderer)               Turns: 945, Time: 00:13:40

Health: 0/33       AC:  3    Str: 11    XL:     4   Next: 94%
Magic:  0/10       EV: 12    Int: 15    God:
Gold:   80         SH:  0    Dex: 18    Spells: 6/7 levels left

rFire   . . .      SeeInvis .    h - +3 short sword
rCold   . . .      Faith    .    (no shield)
rNeg    . . .      Spirit   .    c - +0 robe
rPois   .          Reflect  .    (no helmet)
rElec   .          Harm     .    (no cloak)
rCorr   .          Rampage  .    (no gloves)
Will    .....                    d - +0 pair of boots
Stlth   ++........               (no amulet)
HPRegen 0.25/turn                (no ring)
MPRegen 0.12/turn                (no ring)

@: lethally poisoned (0 -> -7)
A: high MP 1, forlorn, divine attributes
a: no special abilities


You were on level 5 of the Dungeon.
You visited 1 branch of the dungeon, and saw 5 of its levels.

You collected 80 gold pieces.

Inventory:

Hand Weapons
 a - a +0 dagger
 h - a +3 short sword (weapon)
Armour
 c - a +0 robe (worn)
 d - a +0 pair of boots (worn)
Magical Staves
 g - a staff of earth
Scrolls
 f - a scroll of butterflies {unknown}
 m - a scroll of noise {unknown}
 p - a scroll of enchant armour {unknown}
Potions
 b - 2 potions of curing
 e - a potion of berserk rage {unknown}
 i - 2 potions of brilliance {unknown}
 j - a potion of attraction {unknown}
 k - a potion of magic {unknown}
 l - 3 potions of resistance {unknown}
 n - a potion of haste {unknown}
 o - a potion of invisibility {unknown}


   Skills:
 + Level 0.2 Fighting
 + Level 0.2 Short Blades
 + Level 1.4 Dodging
 + Level 3.0 Stealth
 + Level 2.1 Spellcasting
 + Level 1.7 Conjurations
 + Level 4.8 Earth Magic


You had 6 spell levels left.
You knew the following spells:

 Your Spells              Type           Power      Damage    Failure   Level
a - Sandblast             Erth           32%        2d9       3%          1

Your spell library contained the following spells:

 Spells                   Type           Power      Damage    Failure   Level
 Magic Dart               Conj           24%        1d4       11%         1
 Dazzling Flash           Conj/Hex       8%         N/A       41%         3
 Mephitic Cloud           Conj/Pois/Air  3%         N/A       45%         3
 Animate Armour           Summ/Erth      16%        N/A       63%         4
 Leda's Liquefaction      Hex/Erth       4%         N/A       63%         4
 Manifold Assault         Tloc           1%         N/A       91%         4
 Agony                    Necr           1%         N/A       99%         5
 Silence                  Hex/Air        0%         N/A       99%         5
 Dispersal                Tloc           0%         N/A       100%        6
 Disjunction              Tloc           0%         N/A       100%        8


Dungeon Overview and Level Annotations

Branches:
Dungeon (5/15)
 Temple: D:4-7


Innate Abilities, Weirdness & Mutations

You have an increased reservoir of magic. (+10% MP)
You shall have no god before yourself.
Your divine heritage dramatically boosts your attributes as you level up.


Message History

Aim: an orc, wielding a +0 dagger (severely wounded, 82% to hit)
The blast of sand hits the orc!
You kill the orc!
The scorpion stings you.
You barely miss the scorpion. The scorpion closely misses you.
You closely miss the scorpion. The scorpion stings you.
The scorpion barely misses you.
You hit the scorpion but do no damage. The scorpion stings you.
You barely miss the scorpion.
The scorpion stings you but does no damage.
You closely miss the scorpion. The scorpion closely misses you.
You hit the scorpion. Your punch misses the scorpion.
The scorpion is moderately wounded.
The scorpion barely misses you.
You closely miss the scorpion.
The scorpion is moderately wounded.
A quokka comes into view.
The scorpion closely misses you. The scorpion barely misses you.
The quokka moves out of view.
Aiming: Sandblast (safe; 3% risk of failure)
Press: ? - help, Q - select action Shift-Dir - straight line, f - scorpion
Aim: a scorpion (moderately wounded, 82% to hit)
The blast of sand hits the scorpion.
The scorpion is moderately wounded.
The scorpion stings you.
You puncture the scorpion!
The scorpion is severely wounded.
The scorpion stings you. x2
You hit the scorpion.
The scorpion is severely wounded.
The scorpion stings you.
* * * LOW HITPOINT WARNING * * *
You are lethally poisoned!
The scorpion poisons you!
You hit the scorpion.
The scorpion is almost dead.
* * * LOW HITPOINT WARNING * * *
You feel very sick. The scorpion stings you.
You die...

....)...# #<# #.#
#### #.# ...
###.#####.##
##..)##.....
#...###.# .#
#...#.....##?####.#
##....####.@s.)...#
#.##.## #..)).....
#..!<# ...........
#.#### ###.........
#. #.........
#####...#. .....
.....


You could see a scorpion.

Vanquished Creatures
  A jelly (D:5)
  A hound (D:5)
  Natasha (D:3)
  2 adders
  2 dart slugs
  5 orcs
  5 endoplasms
  A giant cockroach (D:1)
  5 goblins
  4 hobgoblins
  4 jackals (D:1)
  4 kobolds
  A quokka (D:1)
  6 ball pythons
  2 bats (D:1)
  2 rats
46 creatures vanquished.

Vanquished Creatures (others)
  A plant (D:3)
1 creature vanquished.

Grand Total: 47 creatures vanquished

Notes
Turn   | Place    | Note
-------+----------+-------------------------------------------
     0 | D:1      | McMuffin the Demigod Wanderer began the quest for the Orb.
     0 | D:1      | McMuffin set off with the following items: a +0 dagger, a
                  | potion of curing, a +0 robe, a +0 pair of boots; and the
                  | following spells available to memorise: Sandblast, Magic
                  | Dart, Mephitic Cloud, Animate Armour, Leda's Liquefaction.
     0 | D:1      | Reached XP level 1. HP: 14/14 MP: 4/4
     2 | D:1      | Learned a level 1 spell: Sandblast
   121 | D:1      | Reached skill level 4 in Earth Magic
   169 | D:1      | Reached XP level 2. HP: 11/20 MP: 3/5
   474 | D:2      | Reached XP level 3. HP: 26/26 MP: 4/7
   563 | D:3      | Reached skill level 1 in Dodging
   812 | D:3      | Noticed Natasha
   820 | D:3      | Killed Natasha
   821 | D:3      | Reached XP level 4. HP: 14/33 MP: 3/9
   907 | D:5      | Entered Level 5 of the Dungeon
   931 | D:5      | Upgraded the game from 0.30-a0-414-gcb316572d5 to
                  | 0.30-a0-422-g946f4849ff
   945 | D:5      | Slain by a scorpion

Illustrated notes

Levels and vault maps discovered:
D:1:      heliophobic_arrival_henge, layout_basic,
          hellmonk_ecumenical_altar_arch_garden, serial_shops,
          nicolae_shop_trees, minmay_tripent
D:2:      layout_basic, serial_shops, shop, nicolae_diamond_shop
D:3:      layout_basic, minmay_splitting_lines, saegor_snake_ambush,
          uniq_sigmund, uniq_natasha
D:4:      layout_rooms, hex_intersection, hangedman_decor_riveting,
          uniq_duvessa, uniq_crazy_yiuf_cottage, uniq_eustachio
D:5:      minmay_spotlight, layout_loops_ring, due_unseen_surprise

Skill      XL: |  1  2  3  4 |
---------------+-------------+-----
Earth Magic    | 4 |  4.8
Stealth        | 3 |  3.0
Dodging        | 1 |  1.4
Spellcasting   | 2 |  2.1
Fighting       | |  0.2
Short Blades   | |  0.2
Conjurations   | |  1.7

Action                   |  1- 3 |  4- 6 || total
-------------------------+-------+-------++-------
Melee: Dagger            |    12 |       ||    12
       Staff             |    13 |       ||    13
       Punch             |     2 |       ||     2
       Short sword       |    16 |    11 ||    27
 Cast: Sandblast         |    45 |    15 ||    60
Armor: Robe              |    13 |     2 ||    15
Dodge: Dodged            |    35 |    11 ||    46

Table legend: (Time is in decaauts)
 A = Elapsed time spent in this place.
 B = Non-inter-level travel time spent in this place.
 C = Inter-level travel time spent in this place.
 D = Time resting spent in this place.
 E = Time spent auto-exploring this place.
 F = Levels seen in this place.
 G = Mean time per level.
                   A        B        C        D        E       F      G
               +--------+--------+--------+--------+--------+-----+--------+
         Total |    982 |    982 |      0 |     59 |      0 |   5 |  196.4 |
       Dungeon |    982 |    982 |      0 |     59 |      0 |   5 |  196.4 |
               +--------+--------+--------+--------+--------+-----+--------+

Top non-repeatable levels by time:
     D:1: 478 daAuts
     D:3: 359 daAuts
     D:2: 66 daAuts
     D:5: 44 daAuts
     D:4: 34 daAuts
